Description

Based on the Terran B2GM Platinum series by PiG.

VOD

https://youtu.be/2s8vSuhn2YA?t=4447

Build Order

Get SALT Encoding   

  14  0:17  Supply Depot  
  16  0:41  Barracks  
  16  0:44  Refinery  
  19  1:28  Marine  
  20  1:38  Orbital Command  
  20  1:41  Command Center  
  20  1:52  Factory  
  21  2:00  Marine  
  22  2:09  Refinery  
  22  2:14  Supply Depot  
  23  2:26  Barracks Tech Lab  To be swapped w/ Factory
  24  2:48  Cyclone  
  28  2:51  Starport  
  28  2:54  Orbital Command  Natural expansion
  30  3:13  Refinery  
  31  3:20  Siege Tank  Once done, swap w/ Starport
  38  3:46  Fusion Core  
  41  4:16  Factory Tech Lab  
  42  4:18  Barracks Reactor  
  43  4:29  Bunker  At the front of the natural
  45  4:36  Battlecruiser  
  57  5:02  Command Center  Build in main base
  59  5:07  Refinery  
  63  5:40  Factory x2  Place one on Reactor from Rax
  65  5:57  Armory  
  65  5:59  Starport Reactor  Lift off tech lab to build this
  67  6:03  Factory x3  Place one on tech lab from SP
  70  6:22  Engineering Bay  
Spawning Tool Build Advisor. Get it on Overwolf

Analysis

-The point of this is to build one Battlecruiser for harass and continue with a standard mech build of Tanks & Hellion/Hellbat.

-Start with a cyclone opening for defense.

-Once 1 tank and a few marines are out, send the cyclone to the backside of your main base to watch for drops. The tank and Marines can watch the front of the natural.

Go to:

Details

  • Created by: zebulajams    
  • Published on: Nov 19, 2021
  • Modified on: Nov 19, 2021
  • Patch: 4.11.0
  • Difficulty: Easy
Show
View Real Time Build Order
Export as new Build Order

Comments (0)

There are no comments. Be the first!

Create an account to comment!